 Dungeon Crawl Stone Soup version 0.29.0-4-gdea44cf6ec (webtiles) character file.

Game seed: 2503247917078950634

39 qw the Chopper (level 3, -1/21 HPs)
             Began as a Tengu Warper on Aug 28, 2022.
             Slain by Sigmund
             ... wielding a +0 scythe
              (5 damage)
             ... on level 2 of the Dungeon.
             The game lasted 00:00:06 (1181 turns).

qw the Chopper (Tengu Warper)                       Turns: 1181, Time: 00:00:07

Health: -1/21      AC:  3    Str: 13    XL:     3   Next: 47%
Magic:  7/7        EV: 12    Int: 13    God:
Gold:   95         SH:  0    Dex: 13    Spells: 6/6 levels left

rFire   . . .      SeeInvis .   f - +0 war axe
rCold   . . .      Faith    .   (no shield)
rNeg    . . .      Spirit   .   b - +0 leather armour
rPois   .          Reflect  .   (helmet restricted)
rElec   .          Harm     .   (no cloak)
rCorr   .          Rampage  .   (no gloves)
Will    .....                   (boots unavailable)
Stlth   +.........              (no amulet)
HPRegen 0.07/turn               (no ring)
MPRegen 0.10/turn               (no ring)

@: no status effects
A: beak, talons 3
a: no special abilities


You were on level 2 of the Dungeon.
You visited 1 branch of the dungeon, and saw 2 of its levels.

You collected 95 gold pieces.


Innate Abilities, Weirdness & Mutations

You have a beak for a mouth.
You have claws for feet.


   Skills:
 - Level 2.0 Fighting
 + Level 4.2 Axes
 - Level 1.0 Throwing
 - Level 1.1 Armour
 - Level 2.1 Dodging
 - Level 2.0 Spellcasting
 - Level 2.4 Translocations


You had 6 spell levels left.
You didn't know any spells.
Your spell library contained the following spells:

 Spells                   Type           Power      Damage    Failure   Level
 Blink                    Tloc           14%        N/A       19%         2
 Gell's Gravitas          Tloc           7%         N/A       36%         3
 Lesser Beckoning         Tloc           7%         N/A       36%         3
 Teleport Other           Tloc           7%         N/A       36%         3
 Manifold Assault         Tloc           7%         N/A       98%         5

Inventory:

Hand Weapons
 c - a +0 flail
 f - a +0 war axe (weapon)
 Y - a +0 hand axe
Missiles
 e - 4 boomerangs (quivered)
Armour
 b - a +0 leather armour (worn)
 d - a +0 scale mail
 g - a +0 robe of willpower
Scrolls
 a - a scroll of enchant armour {unknown}

Dungeon Overview and Level Annotations

Branches:
Dungeon (2/15)

Altars:
Qazlal

Annotations:
D:2 Sigmund


Message History

The orc is severely wounded.
The orc misses you.
You hit the orc.
You kill the orc!
You see here a +0 club.
Found an escape hatch in the ceiling.
An orc comes into view. It is wielding a +0 war axe.
Throw: 4 boomerangs
Press: ? - help, Q - select action Shift-Dir - straight line, f - orc You throw a boomerang.
The boomerang closely misses the orc.
Throw: 4 boomerangs
Press: ? - help, Q - select action Shift-Dir - straight line, f/p - orc You throw a boomerang.
The boomerang hits the orc.
The orc is severely wounded.
You completely miss the orc. You claw the orc.
You kill the orc!
Sigmund the Dreaded comes into view.
He is wielding a +0 scythe.
Found a stone staircase leading up.
Sigmund shouts!
Things that are here:
a +0 war axe; an orc corpse
Enter note:
1173 ||| Stepping ~*~*~tactically~*~*~ (hiding).
1174 ||| Stepping ~*~*~tactically~*~*~ (hiding).
f - a +0 war axe You see here an orc corpse.
1176 ||| SWAPPING to +0 war axe.
f - a +0 war axe (weapon)
Sigmund hits you from afar with a +0 scythe!
Found a stormy altar of Qazlal.
Sigmund gestures wildly while chanting.
Sigmund flickers and vanishes!
Deactivating autopickup; reactivate with Ctrl-A.
You closely miss something. Your kick misses something.
Something hits you but does no damage.
You barely miss something. Your kick misses something. Something hits you!
You miss something. Your kick misses something. Something hits you.
You die...

#######.##...#..####..
....)........).)......
.###.##.##.###.#####..#
.# #.##.##.# #........#
.# #.##.##.#
#..####.### . .........
#..........
##.##.##.#.#.%###..#.#
#.##.##.#.<......<# #.#
.##.###.#@.#### ...
#...{.......
7..#..###.... 7.77..#
.._ ..P 77.. .. .7..
#.. .. 77. ..


There were no monsters in sight!

Vanquished Creatures
  5 orcs (D:2)
  3 ball pythons (D:1)
  2 endoplasms (D:1)
  A giant cockroach (D:1)
  4 hobgoblins
  3 quokkas (D:1)
  2 frilled lizards (D:1)
  A goblin (D:1)
  4 kobolds
  7 rats (D:1)
  A spectral kobold (D:1)
33 creatures vanquished.

Notes
Turn   | Place    | Note
-------+----------+-------------------------------------------
     0 | D:1      | qw the Tengu Warper began the quest for the Orb.
     0 | D:1      | Reached XP level 1. HP: 12/12 MP: 4/4
     0 | D:1      | 0 ||| qw: Version: 0.1-a-89-g26bdef1
     0 | D:1      | 0 ||| qw: Game counter: 2232
     0 | D:1      | 0 ||| qw: Always use a shield: true
     0 | D:1      | 0 ||| qw: God list: Okawaru
     0 | D:1      | 0 ||| qw: Allow faded altars: false
     0 | D:1      | 0 ||| qw: Do Orc after D:15 true
     0 | D:1      | 0 ||| qw: Do second Lair branch before Depths: true
     0 | D:1      | 0 ||| qw: Lair rune preference: random
     0 | D:1      | 0 ||| qw: Plans: Normal
     0 | D:1      | 0 ||| PLANNING D:1-11
   147 | D:1      | Reached XP level 2. HP: 17/17 MP: 6/6
   162 | D:1      | Reached skill level 3 in Axes
   433 | D:1      | 433 ||| Stepping ~*~*~tactically~*~*~ (stealth).
   461 | D:1      | 461 ||| Stepping ~*~*~tactically~*~*~ (stealth).
   665 | D:1      | 665 ||| DROPPING +0 whip.
   761 | D:1      | 761 ||| Stepping ~*~*~tactically~*~*~ (stealth).
   885 | D:1      | Reached XP level 3. HP: 21/21 MP: 7/7
   918 | D:1      | Found a faded altar of an unknown god.
   990 | D:1      | 990 ||| READING scroll labelled IJEVUM TIATI.
   993 | D:1      | 993 ||| DROPPING scroll of blinking.
  1100 | D:2      | Reached skill level 4 in Axes
  1107 | D:2      | 1107 ||| FLEEEEING.
  1110 | D:2      | 1110 ||| FLEEEEING.
  1111 | D:2      | 1111 ||| FLEEEEING.
  1112 | D:2      | 1112 ||| FLEEEEING.
  1148 | D:2      | 1148 ||| DROPPING +1 whip of pain.
  1153 | D:2      | 1153 ||| Stepping ~*~*~tactically~*~*~ (stealth).
  1154 | D:2      | 1154 ||| Stepping ~*~*~tactically~*~*~ (stealth).
  1172 | D:2      | Noticed Sigmund
  1173 | D:2      | 1173 ||| Stepping ~*~*~tactically~*~*~ (hiding).
  1174 | D:2      | 1174 ||| Stepping ~*~*~tactically~*~*~ (hiding).
  1176 | D:2      | 1176 ||| SWAPPING to +0 war axe.
  1178 | D:2      | Found a stormy altar of Qazlal.
  1180 | D:2      | HP: 4/21 [something (10)]
  1181 | D:2      | Slain by Sigmund

Levels and vault maps discovered:
D:1:      saegor_arrival_simple_c, layout_basic,
          dreamdust_ecumenical_altar_drowned_temple, minmay_close_crescents
D:2:      wad_woods_pond, layout_basic, basic_altar, st_stairs_14, uniq_sigmund

Skill      XL: |  1  2  3 |
---------------+----------+-----
Axes           | 3 4 |  4.2
Fighting       | |  2.0
Throwing       | |  1.0
Armour         | |  1.1
Dodging        | |  2.1
Spellcasting   | |  2.0
Translocations | |  2.4

Action                   || total
-------------------------++-------
Melee: Hand axe          ||    55
       Peck              ||     6
       Kick              ||    13
       War axe           ||     3
Throw: Boomerang         ||    29
  Use: Scroll            ||     1
Armor: Leather armour    ||     8
Dodge: Dodged            ||    21

Table legend:
 A = Non-vault XP
 B = Vault XP
 C = Vault XP percentage of total XP
 D = Non-vault monster count
 E = Vault monster count
 F = Vault count percentage of total count
                 A         B        C        D         E       F
            +---------+---------+-------+---------+---------+-------
      Total |      52 |       5 |   8.8 |      30 |       3 |   9.1
            +---------+---------+-------+---------+---------+-------
        D:1 |      34 |       5 |  12.8 |      23 |       3 |  11.5
        D:2 |      18 |       0 |   0.0 |       7 |       0 |   0.0
            +---------+---------+-------+---------+---------+-------
